 Dungeon Crawl Stone Soup version 0.22-a0-282-gdd34a7d (webtiles) character file.

47 neds the Sneak (level 3, 0/31 HPs)
             Began as a Gnoll Assassin on Mar 17, 2018.
             Succumbed to an adder's poison
             ... on level 2 of the Dungeon.
             The game lasted 00:04:52 (1019 turns).

neds the Sneak (Gnoll Assassin)                     Turns: 1019, Time: 00:04:53

Health: 0/31       AC:  3    Str: 14    XL:     3   Next: 70%
Magic:  4/4        EV: 13    Int: 13    God:
Gold:   39         SH:  0    Dex: 16    Spells: 3/3 levels left

rFire    . . .     SeeInvis .   a - +2 dagger
rCold    . . .     Gourm    .   (no shield)
rNeg     . . .     Faith    .   c - +0 robe
rPois    .         Spirit   .   (no helmet)
rElec    .         Reflect  .   d - +0 cloak
rCorr    .         Harm     .   (no gloves)
MR       .....                  (no boots)
Stlth    ++++......             (no amulet)
HPRegen  0.10/turn              (no ring)
MPRegen  0.09/turn              (no ring)

@: lethally poisoned (0 -> -2)
A: distributed training, fangs 1, strong nose
a: no special abilities


You were on level 2 of the Dungeon.
You were not hungry.

You visited 1 branch of the dungeon, and saw 2 of its levels.

You collected 39 gold pieces.

Inventory:

Hand Weapons
 a - a +2 dagger (weapon)
 b - a +0 blowgun
 p - a +0 antimagic dagger
Missiles
 e - 6 poisoned needles
 f - 2 curare-tipped needles
Armour
 c - a +0 robe (worn)
 d - a +0 cloak (worn)
Jewellery
 t - an uncursed ring of positive energy {unknown}
Scrolls
 h - 2 scrolls of blinking
 i - a scroll of fear {unknown}
 j - a scroll of identify
 k - a scroll of remove curse {unknown}
 l - a scroll of magic mapping {unknown}
 o - a scroll of amnesia {unknown}
 r - a scroll of teleportation {unknown}
Potions
 n - a potion of magic
 q - 2 potions of might {unknown}
 s - a potion of haste {unknown}
Comestibles
 g - 4 rations
 m - 5 chunks of flesh


   Skills:
 + Level 4.5 Fighting
 + Level 4.5 Short Blades
 + Level 0.9 Long Blades
 + Level 0.9 Axes
 + Level 0.9 Maces & Flails
 + Level 0.9 Polearms
 + Level 0.9 Staves
 + Level 0.9 Slings
 + Level 0.9 Bows
 + Level 0.9 Crossbows
 + Level 4.5 Throwing
 + Level 0.9 Armour
 + Level 2.6 Dodging
 + Level 7.8 Stealth
 + Level 0.9 Shields
 + Level 0.9 Unarmed Combat
 + Level 0.9 Spellcasting
 + Level 0.6 Conjurations
 + Level 0.6 Hexes
 + Level 0.6 Charms
 + Level 0.6 Summonings
 + Level 0.6 Necromancy
 + Level 0.6 Translocations
 + Level 0.6 Transmutations
 + Level 0.6 Fire Magic
 + Level 0.6 Ice Magic
 + Level 0.6 Air Magic
 + Level 0.6 Earth Magic
 + Level 0.6 Poison Magic
 + Level 1.0 Invocations
 + Level 0.9 Evocations


You had 3 spell levels left.
You didn't know any spells.

Dungeon Overview and Level Annotations

Branches:
Dungeon (2/15)

Altars:
Nemelex Xobeh


Innate Abilities, Weirdness & Mutations

Your experience applies equally to all skills.
You have very sharp teeth.
Your uncanny sense of smell can sniff out nearby items.


Message History

* * * LOW HITPOINT WARNING * * *
You feel sick. The adder closely misses you.
You closely miss the adder.
The adder is severely wounded.
The adder barely misses you.
You completely miss the adder.
The adder is severely wounded.
The adder barely misses you.
You completely miss the adder.
The adder is severely wounded.
The adder bites you.
* * * LOW HITPOINT WARNING * * *
You hit the adder.
You kill the adder!
Your Invocations skill increases to level 1!
* * * LOW HITPOINT WARNING * * *
You feel sick.
You see here 12 stones.
It was a potion of magic.
Magic courses through your body.
You die...

##..###$# #.# #......#
.......S# #.# #......## #
######..# #.# #.#.....# .#
#.!# #.#####.#..#..##.##
#..###.......#....(.....
#.......###...........#.
#.......# #<.........##.
#.....####.###.##......##..
#.###.# #@....##.....##...
# #.# ###.####....รท#....
#.# #.# #........._ #.#
..####.#####.... #.
...##.....# ##...
....##.###.# ##.. (....##.#
.# ##. ##....##.# . #.
#....##.. .# #.


There were no monsters in sight!

Vanquished Creatures
  2 adders (D:2)
  2 worms (D:2)
  A giant cockroach (D:1)
  2 goblins (D:1)
  3 hobgoblins
  2 jackals (D:2)
  3 kobolds
  6 bats (D:1)
  3 frilled lizards
  A rat (D:1)
25 creatures vanquished.

Notes
Turn   | Place    | Note
-------+----------+-------------------------------------------
     0 | D:1      | neds the Gnoll Assassin began the quest for the Orb.
     0 | D:1      | Reached XP level 1. HP: 20/20 MP: 1/1
   335 | D:1      | Reached XP level 2. HP: 25/26 MP: 2/2
   847 | D:2      | Found a sparkling altar of Nemelex Xobeh.
   935 | D:2      | Reached XP level 3. HP: 25/31 MP: 3/3
  1015 | D:2      | Reached skill level 1 in Invocations
  1015 | D:2      | HP: 1/31 [poisoned by an adder]
  1019 | D:2      | Succumbed to an adder's poison

Vault maps used:
D:1:      nzn_arrival_crosshair, minivault_26
D:2:      nicolae_overflow_crystal_walls, lemuel_round_altar, serial_glass,
          glass_columns_a, glass_columns_a

Skill      XL: |  1  2  3 |
---------------+----------+-----
Invocations    | 1 |  1.0
Fighting       | |  4.5
Short Blades   | |  4.5
Long Blades    | |  0.9
Axes           | |  0.9
Maces & Flails | |  0.9
Polearms       | |  0.9
Staves         | |  0.9
Slings         | |  0.9
Bows           | |  0.9
Crossbows      | |  0.9
Throwing       | |  4.5
Armour         | |  0.9
Dodging        | |  2.6
Stealth        | |  7.8
Shields        | |  0.9
Unarmed Combat | |  0.9
Spellcasting   | |  0.9
Conjurations   | |  0.6
Hexes          | |  0.6
Charms         | |  0.6
Summonings     | |  0.6
Necromancy     | |  0.6
Translocations | |  0.6
Transmutations | |  0.6
Fire Magic     | |  0.6
Ice Magic      | |  0.6
Air Magic      | |  0.6
Earth Magic    | |  0.6
Poison Magic   | |  0.6
Evocations     | |  0.9

Action                   || total
-------------------------++-------
Melee: Dagger            ||    83
       Bite              ||    10
       Punch             ||     2
 Fire: Blowgun           ||     7
  Use: Scroll            ||     1
       Potion            ||     1
 Stab: Sleeping          ||     7
Armor: Robe              ||     7
Dodge: Dodged            ||    38

Table legend:
 A = Spawn XP
 B = Non-spawn XP
 C = Spawn XP percentage of total XP
 D = Spawn monster count
 E = Non-spawn monster count
 F = Spawn count percentage of total count
 G = Total turns spent on level
                    A         B        C        D         E        F      G
               +---------+---------+-------+---------+---------+-------+---------
         Total |       0 |      68 |   0.0 |       0 |      25 |   0.0 |  1019
               +---------+---------+-------+---------+---------+-------+---------
           D:1 |       0 |      23 |   0.0 |       0 |      15 |   0.0 |   816
           D:2 |       0 |      45 |   0.0 |       0 |      10 |   0.0 |   203
               +---------+---------+-------+---------+---------+-------+---------
